 Dungeon Sprint DCSS version 0.30-a0-272-gf98c3da03f (webtiles) character file.

Game seed: 4946835626073938484

635 Low2 the Cruncher (level 7, -12/120 HPs)
             Began as an Ogre Gladiator on Oct 15, 2022.
             Was an Initiate of Vehumet.
             Mangled by a sun demon (22 damage)
             ... summoned by a kobold demonologist
             ... while paralysed by a floating eye
             ... in the Dungeon (Sprint I: "Red Sonja").
             The game lasted 00:03:50 (731 turns).

Low2 the Cruncher (Ogre Gladiator)                   Turns: 731, Time: 00:03:50

Health: -12/120    AC:  3    Str: 21    XL:     7   Next: 50%
Magic:  7/7        EV:  1    Int:  9    God:    Vehumet [......]
Gold:   90         SH:  0    Dex: 10    Spells: 6/6 levels left

rFire   . . .      SeeInvis .    a - +0 quarterstaff
rCold   . . .      Faith    .    (shield currently unavailable)
rNeg    . . .      Spirit   .    b - +0 robe
rPois   .          Reflect  .    c - +0 hat
rElec   .          Harm     .    (no cloak)
rCorr   .          Rampage  .    (gloves unavailable)
Will    .....      NoTele   +    (boots unavailable)
Stlth   ..........               (no amulet)
HPRegen 0.40/turn                (no ring)
MPRegen 0.10/turn                (no ring)

@: paralysed, berserking
A: large, unfitting armour, tough skin 1
a: Renounce Religion


You were in the Dungeon.
You worshipped Vehumet.
Vehumet was noncommittal.
You visited 1 branch You collected 405 gold pieces.
You spent 315 gold pieces at shops.

Inventory:

Hand Weapons
 a - a +0 quarterstaff (weapon)
 e - the +1 shortbow of Uskayaw's Esteem {speed, rElec rPois rCorr Str-3}
   (You bought it in a shop in the Dungeon)

   Attacks with this weapon are significantly faster.
   Str:       It affects your strength (-3).
   rElec:     It insulates you from electricity.
   rPois:     It protects you from poison.
   rCorr:     It protects you from acid and corrosion.
Missiles
 d - a throwing net (quivered)
 l - a large rock
Armour
 b - a +0 robe (worn)
 c - a +0 hat (worn)
Wands
 g - a wand of flame (24)
Scrolls
 k - a scroll of blinking
Potions
 h - a potion of haste
 i - 2 potions of magic


   Skills:
 + Level 8.2 Fighting
 + Level 10.5 Staves
 + Level 5.5 Throwing
 + Level 8.0 Dodging
 + Level 3.5 Stealth


You had 6 spell levels left.
You didn't know any spells.
Your spell library was empty.

Dungeon Overview and Level Annotations

Branches:
Dungeon (1/1)

Altars:
Cheibriados
Dithmenos
Elyvilon
Fedhas
Gozag
Hepliaklqana
Kikubaaqudgha
Makhleb
Nemelex Xobeh
Okawaru
Qazlal
Ru
Sif Muna
Trog
Uskayaw
Vehumet
Wu Jian
Xom
Yredelemnul
Zin
The Shining One
Jiyva
Lugonu

Shops:
D (


Innate Abilities, Weirdness & Mutations

You are too large for most types of armour.
You have tough skin. (AC +1)


Message History

Aim: a kobold demonologist, wielding a +0 dagger and wearing a +0 robe (51% to hit)
You shoot an arrow. The arrow hits the sun demon.
The sun demon is lightly wounded.
The sun demon completely misses you.
A red film seems to cover your vision as you go berserk!
You feel yourself moving faster!
You feel mighty! The sun demon misses you.
You are too berserk!
Unknown command.
You are too berserk!
Really attack while wielding the +1 shortbow of Uskayaw's Esteem {speed, rElec rPois rCorr Str-3}? [Y]es or [N]o only, please.
Really attack while wielding the +1 shortbow of Uskayaw's Esteem {speed, rElec rPois rCorr Str-3}?
Okay, then.
a - a +0 quarterstaff (weapon)
You feel a strong urge to attack something.
The sun demon hits you!
You are engulfed in flames!!
You thump the sun demon!
The sun demon is moderately wounded.
You hit the sun demon.
The sun demon is heavily wounded.
The kobold demonologist looks encouraged for a moment.
The sun demon closely misses you.
You thump the sun demon!
The sun demon is severely wounded.
The kobold demonologist mumbles some strange words.
You closely miss the sun demon.
The sun demon is severely wounded.
The sun demon hits you!!
You are engulfed in flames!!
You barely miss the sun demon.
The sun demon is severely wounded.
You closely miss the sun demon.
The sun demon is severely wounded.
The sun demon hits you!!
* * * LOW HITPOINT WARNING * * *
You are engulfed in flames!
* * * LOW HITPOINT WARNING * * *
The floating eye gazes piercingly through you!
You suddenly lose the ability to move!
The sun demon hits you!!
You die...

######################
.)').#..'..#__#.@3KG.#
..#..').#..'..'..#K5.#
####'#####'#__#### ..+
###..#...#[#### ##
__####..##.#
_____##'#_.+
_.∩..÷'..._#
_..__##_.#'#
_____###+#)#


You could see a sun demon (summoned), 2 kobold demonologists, a floating eye and
a crimson imp (summoned).

Vanquished Creatures
  A slime creature (D)
  Sigmund (D)
  A yak (D)
  An ogre (D)
  A jelly (D)
  Ijyb (D)
6 creatures vanquished.

Notes
Turn   | Place    | Note
-------+----------+-------------------------------------------
     0 | D        | Low2 the Ogre Gladiator began the quest for the Orb.
     0 | D        | Reached XP level 1. HP: 22/22 MP: 1/1
     2 | D        | Noticed Ijyb
     9 | D        | HP: 1/22 [Ijyb/puff of flame (9)]
    16 | D        | Killed Ijyb
    17 | D        | Reached skill level 4 in Staves
    17 | D        | Reached XP level 2. HP: 17/32 MP: 2/2
    17 | D        | Reached XP level 3. HP: 21/39 MP: 3/3
    87 | D        | Noticed an ogre
    95 | D        | Killed an ogre
    96 | D        | Reached skill level 5 in Fighting
    96 | D        | Reached skill level 6 in Staves
    96 | D        | Reached skill level 5 in Dodging
    96 | D        | Reached skill level 1 in Stealth
    96 | D        | Reached XP level 4. HP: 23/50 MP: 4/4
   202 | D        | Noticed Sigmund
   207 | D        | Killed Sigmund
   208 | D        | Reached skill level 8 in Staves
   208 | D        | Reached XP level 5. HP: 42/61 MP: 5/5
   208 | D        | Reached XP level 6. HP: 47/68 MP: 6/6
   287 | D        | Found an ornate altar of the Wu Jian Council.
   287 | D        | Found a shimmering blue altar of Sif Muna.
   290 | D        | Found a radiant altar of Vehumet.
   302 | D        | Became a worshipper of Vehumet
   304 | D        | Found Gechus's Weapon Emporium.
   304 | D        | Found an ancient bone altar of Kikubaaqudgha.
   304 | D        | Found a hazy altar of Hepliaklqana.
   304 | D        | Found a stormy altar of Qazlal.
   304 | D        | Found a hide-covered altar of Uskayaw.
   304 | D        | Found a blossoming altar of Fedhas.
   304 | D        | Found a bloodstained altar of Trog.
   304 | D        | Found an iron altar of Okawaru.
   304 | D        | Found a basalt altar of Yredelemnul.
   304 | D        | Found a glowing golden altar of the Shining One.
   304 | D        | Found a snail-covered altar of Cheibriados.
   304 | D        | Found a sacrificial altar of Ru.
   304 | D        | Found a glowing silver altar of Zin.
   304 | D        | Found a shadowy altar of Dithmenos.
   304 | D        | Found a white marble altar of Elyvilon.
   304 | D        | Noticed a yak
   305 | D        | Found an opulent altar of Gozag.
   319 | D        | Killed a yak
   320 | D        | Reached skill level 9 in Staves
   320 | D        | Reached skill level 5 in Throwing
   320 | D        | Reached XP level 7. HP: 20/78 MP: 7/7
   320 | D        | Found a sparkling altar of Nemelex Xobeh.
   509 | D        | Found a burning altar of Makhleb.
   509 | D        | Found a viscous altar of Jiyva.
   509 | D        | Found a shimmering altar of Xom.
   509 | D        | Found a corrupted altar of Lugonu.
   509 | D        | Noticed a slime creature
   527 | D        | Killed a slime creature
   528 | D        | Reached skill level 10 in Staves
   698 | D        | Bought the +1 shortbow of Uskayaw's Esteem {speed, rElec
                  | rPois rCorr Str-3} for 315 gold pieces
   719 | D        | Noticed a kobold demonologist
   719 | D        | Noticed a kobold demonologist
   721 | D        | Noticed a sun demon
   722 | D        | Noticed a red devil
   730 | D        | Paralysed by a floating eye for 3 turns
   731 | D        | Mangled by a sun demon

Illustrated notes

Levels and vault maps discovered:
D:        dungeon_sprint_1 [red_sonja_temple_1, red_sonja_temple_small_1]

Skill      XL: |  1  2  3  4  5  6  7 |
---------------+----------------------+-----
Fighting       | 3 5 6 7 8 |  8.2
Staves         | 4 6 8 9 10 | 10.5
Dodging        | 4 5 6 7 8 |  8.0
Throwing       | 3 4 5 |  5.5
Stealth        | 1 2 3 |  3.5

Action                   |  1- 3 |  4- 6 |  7- 9 || total
-------------------------+-------+-------+-------++-------
Melee: Quarterstaff      |    14 |    17 |    21 ||    52
 Fire: Shortbow          |       |       |     3 ||     3
Throw: Throwing net      |     3 |     2 |     1 ||     6
       Large rock        |       |     2 |     1 ||     3
  Use: Potion            |     1 |       |     2 ||     3
       Scroll            |       |       |     1 ||     1
 Stab: Held in net/web   |     1 |     2 |       ||     3
       Sleeping          |       |     1 |       ||     1
Dodge: Dodged            |       |     5 |    10 ||    15

Table legend: (Time is in decaauts)
 A = Elapsed time spent in this place.
 B = Non-inter-level travel time spent in this place.
 C = Inter-level travel time spent in this place.
 D = Time resting spent in this place.
 E = Time spent auto-exploring this place.
 F = Levels seen in this place.
 G = Mean time per level.
                   A        B        C        D        E       F      G
               +--------+--------+--------+--------+--------+-----+--------+
         Total |    724 |    724 |      0 |    479 |      0 |   1 |  724.0 |
       Dungeon |    724 |    724 |      0 |    479 |      0 |   1 |  724.0 |
               +--------+--------+--------+--------+--------+-----+--------+

Top non-repeatable levels by time:
       D: 724 daAuts
